 Dungeon Crawl Stone Soup version 0.21-a0-72-gbbb65ab (webtiles) character file.

102 grindst0ne the Skirmisher (level 5, -2/43 HPs)
             Began as a Formicid Fighter on June 20, 2017.
             Killed by divine providence
             ... invoked by an orc priest
              (14 damage)
             ... on level 3 of the Dungeon.
             The game lasted 00:04:01 (2845 turns).

grindst0ne the Skirmisher (Formicid Fighter)        Turns: 2845, Time: 00:04:02

Health: -2/43      AC:  7    Str: 26    XL:     5   Next: 5%
Magic:  5/5        EV:  8    Int:  7    God:
Gold:   109        SH: 10    Dex: 11    Spells: 4/4 levels left

rFire    . . .     SeeInvis +   a - +0 war axe
rCold    . . .     Gourm    .   c - +0 shield
rNeg     . . .     Faith    .   b - +0 scale mail
rPois    .         Spirit   .   (helmet unavailable)
rElec    .         Reflect  .   (no cloak)
rCorr    .         Harm     .   (no gloves)
MR       .....                  (no boots)
Stlth    ..........             (no amulet)
HPRegen  0.14/turn              (no ring)
MPRegen  0.09/turn              (no ring)

@: mighty
A: permanent stasis, dig shafts and tunnels, four strong arms, antennae 3
a: Dig, Shaft Self


You were on level 3 of the Dungeon.
You were hungry.

You visited 1 branch of the dungeon, and saw 3 of its levels.

You collected 109 gold pieces.

Inventory:

Hand Weapons
 a - a +0 war axe (weapon)
Armour
 b - a +0 scale mail (worn)
 c - a +0 shield (worn)
Jewellery
 q - a +3 ring of evasion {unknown}
 r - a +3 ring of intelligence {unknown}
 s - an uncursed ring of flight {unknown}
Scrolls
 e - 2 scrolls of teleportation {unknown}
 g - 2 scrolls of amnesia {unknown}
 h - a scroll of identify {unknown}
 i - a scroll of immolation {unknown}
 j - a scroll of fog {unknown}
 k - a scroll of magic mapping {unknown}
 p - a scroll of remove curse {unknown}
Potions
 l - a potion of degeneration {unknown}
 m - 2 potions of flight {unknown}
 n - a potion of curing {unknown}
 o - 2 potions of lignification {unknown}
Comestibles
 f - 2 bread rations


   Skills:
 + Level 4.4 Fighting
 + Level 2.9 Axes
 + Level 3.7 Armour
 + Level 4.3 Shields


You had 4 spell levels left.
You didn't know any spells.

Dungeon Overview and Level Annotations

Branches:
Dungeon (3/15)

Altars:
Dithmenos
Trog


Innate Abilities, Weirdness & Mutations

You cannot be hasted, slowed, berserked, paralysed or teleported.
You can dig through walls and to a lower floor.
Your four strong arms can wield two-handed weapons with a shield.
You have a pair of large antennae on your head. (SInv)


Message History

There are monsters nearby!
The orc warrior shouts!
The orc hits you but does no damage.
Found a helmet.
You slash the orc!
You kill the orc!
The orc priest mumbles some strange prayers to Beogh against you.
Beogh smites you!
The orc priest invokes the aid of Beogh against you.
Beogh smites you!
* * * LOW HITPOINT WARNING * * *
You see here a club.
Okay, then.
You feel very mighty all of a sudden. The orc warrior misses you.
You hit the orc warrior.
The orc warrior is lightly wounded.
The orc priest calls down the wrath of Beogh upon you.
Beogh smites you!
You die...

#.## #.[.## #.....#
##+# ##....... ##...##
#........ ##.....##
#....#... ##.......##
#........
#.........####o.......
+.........'@oo.......#
#.........####......##
#.......## ##....##
##.....## ...##
##...## #.## . ##'##
.# .# #.# .# .# #.# .#
##.##


You could see an orc warrior, an orc priest and an orc.

Vanquished Creatures
  3 adders (D:2)
  An ooze (D:3)
  2 worms (D:2)
  2 dart slugs
  A leopard gecko (D:1)
  An orc (D:3)
  A giant cockroach (D:1)
  8 goblins
  2 hobgoblins
  11 jackals (D:1)
  A quokka (D:2)
  2 ball pythons
  10 bats
  A frilled lizard (D:2)
  6 kobolds
  6 rats
58 creatures vanquished.

Notes
Turn   | Place    | Note
-------+----------+-------------------------------------------
     0 | D:1      | grindst0ne the Formicid Fighter began the quest for the Orb.
     0 | D:1      | Reached XP level 1. HP: 18/18 MP: 1/1
   161 | D:1      | Reached XP level 2. HP: 8/24 MP: 2/2
   805 | D:1      | Reached XP level 3. HP: 26/30 MP: 3/3
  1609 | D:2      | Found a bloodstained altar of Trog.
  1626 | D:2      | Reached XP level 4. HP: 37/37 MP: 4/4
  2716 | D:3      | Found a shadowy altar of Dithmenos.
  2725 | D:3      | Reached XP level 5. HP: 43/43 MP: 5/5
  2838 | D:3      | Noticed an orc warrior
  2845 | D:3      | Killed from afar by an orc priest

Vault maps used:
D:1:      lightli_iron_boxes
D:2:      lightli_temple_of_fire, first_bread
D:3:      nicolae_dithmenos_shadow_blocks, uniq_jessica

Skill      XL: |  1  2  3 |
---------------+----------+-----
Shields        | 4 |  4.3
Fighting       | 4 |  4.4
Axes           | |  2.9
Armour         | |  3.7

Action                   |  1- 3 |  4- 6 || total
-------------------------+-------+-------++-------
Melee: War axe           |   116 |    91 ||   207
  Use: Potion            |       |     1 ||     1
  Eat: Chunk             |     2 |     4 ||     6
Armor: Scale mail        |    68 |    48 ||   116
Dodge: Dodged            |    50 |    29 ||    79
Block: Shield            |    71 |    65 ||   136
